 Dungeon Crawl Stone Soup version 0.31-a0-229-g1fc7ce93e2 (webtiles) character file.

Game seed: 8331275671714125183

460 qw the Shooter (level 6, -1/52 HPs)
             Began as a Minotaur Hexslinger on July 6, 2023.
             Slain by a kobold brigand
             ... wielding a +0 dagger
              (3 damage)
             ... in a sewer.
             The game lasted 00:01:04 (2833 turns).

qw the Shooter (Minotaur Hexslinger)                Turns: 2833, Time: 00:01:05

Health: -1/52      AC:  6    Str: 12    XL:     6   Next: 78%
Magic:  6/6        EV: 16    Int: 10    God:
Gold:   131        SH:  0    Dex: 15    Spells: 6/7 levels left

rFire   . . .        Y - +1 sling
rCold   . . .        (no shield)
rNeg    . . .        e - +0 ring mail
rPois   .            (helmet restricted)
rElec   .            f - +0 cloak
rCorr   .            (no gloves)
SInv    .            (no boots)
Will    .....        (no amulet)
Stlth   +            i - +5 ring of evasion
HPRegen 0.28/turn    (no ring)
MPRegen 0.10/turn

%: no passive effects
@: slowed, very slow
A: horns 2, retaliatory headbutt
a: no special abilities


You were in a sewer.
You visited 1 branch of the dungeon, and saw 3 of its levels.
You also visited: Sewer.

You collected 131 gold pieces.


Innate Abilities, Weirdness & Mutations

You have a pair of horns on your head.
You reflexively headbutt those who attack you in melee.


   Skills:
 - Level 4.1 Fighting
 + Level 7.0 Ranged Weapons
 - Level 1.0 Armour
 - Level 2.1 Dodging
 - Level 1.0 Spellcasting
 - Level 2.0 Hexes


You had 6 spell levels left.
You knew the following spells:

 Your Spells              Type           Power      Damage    Failure   Level
a - Slow                  Hex            16%        N/A       34%         1

Your spell library contained the following spells:

 Spells                   Type           Power      Damage    Failure   Level
 Inner Flame              Hex/Fire       2%         N/A       83%         3
 Portal Projectile        Hex/Tloc       4%         N/A       83%         3
 Cause Fear               Hex            2%         N/A       98%         4

Inventory:

Hand Weapons
 Y - a +1 sling (weapon)
Armour
 e - a +0 ring mail (worn)
 f - a +0 cloak (worn)
Jewellery
 i - a +5 ring of evasion (left hand)
Scrolls
 b - a scroll of blinking {unknown}
 g - a scroll of fog {unknown}
Potions
 a - a potion of cancellation {unknown}
 c - a potion of curing {unknown}
 d - a potion of resistance {unknown}
 h - a potion of brilliance {unknown}

Dungeon Overview and Level Annotations

Branches:
Dungeon (3/15)              Sewer (1/1)

Altars:
Ru


Message History

You feel extremely sick.
You shoot a sling bullet.
The sling bullet hits the kobold brigand.
The kobold brigand is lightly wounded.
You feel very sick.
The kobold brigand throws a curare-tipped dart.
The curare-tipped dart completely misses you.
You shoot a sling bullet.
The sling bullet hits the kobold brigand.
The kobold brigand is moderately wounded.
You feel very sick.
The kobold brigand throws a curare-tipped dart.
The curare-tipped dart misses you.
You shoot a sling bullet.
The sling bullet hits the kobold brigand.
The kobold brigand is moderately wounded.
You feel sick.
The kobold brigand throws a curare-tipped dart.
The curare-tipped dart barely misses you.
You shoot a sling bullet.
The sling bullet hits the kobold brigand.
The kobold brigand is moderately wounded.
You feel sick.
The kobold brigand throws a curare-tipped dart.
The curare-tipped dart closely misses you.
You shoot a sling bullet.
The sling bullet hits the kobold brigand.
The kobold brigand is heavily wounded.
You feel sick.
The kobold brigand hits you with a +0 dagger.
The kobold brigand closely misses you.
You shoot a sling bullet.
The sling bullet completely misses the kobold brigand.
You feel sick.
You are no longer poisoned.
The kobold brigand hits you with a +0 dagger. x2
You shoot a sling bullet.
The sling bullet closely misses the kobold brigand.
The kobold brigand hits you with a +0 dagger. x2
You die...

#~~~~...\.
#~~..~....
##.~~...~.. ~~#####
##..~~~..~.~
~~~~~####..~~##~~..~
#~~~...~~####~.~.
### #~..~~~~~# #~..~
.~~~~###~...~~.##
.~~~~ #~.K@~#######
.~~~~##### ###


You could see a kobold brigand.

Vanquished Creatures
  4 kobold brigands (Sewer)
  A howler monkey (D:3)
  6 adders
  2 worms
  4 dart slugs
  3 endoplasms
  11 giant cockroaches
  6 goblins
  3 hobgoblins
  3 jackals (D:1)
  2 quokkas (D:1)
  5 ball pythons
  6 bats
  2 frilled lizards
  9 kobolds
  10 rats
77 creatures vanquished.

Notes
Turn   | Place    | Note
-------+----------+-------------------------------------------
     0 | D:1      | qw the Minotaur Hexslinger began the quest for the Orb.
     0 | D:1      | Reached XP level 1. HP: 16/16 MP: 1/1
     0 | D:1      | Noticed a white draconian
     0 | D:1      | 0 ||| qw: Version: 0.3-a-46-gb1f654a
     0 | D:1      | 0 ||| qw: Game counter: 1339
     0 | D:1      | 0 ||| qw: Melee chars always use a shield: true
     0 | D:1      | 0 ||| qw: God list: Okawaru
     0 | D:1      | 0 ||| qw: Allow faded altars: false
     0 | D:1      | 0 ||| qw: Do Orc after clearing Dungeon:15 true
     0 | D:1      | 0 ||| qw: Do second Lair branch before Depths: true
     0 | D:1      | 0 ||| qw: Lair rune preference: random
     0 | D:1      | 0 ||| qw: Goals: Normal
     0 | D:1      | 0 ||| PLANNING D:1-11
     1 | D:1      | Noticed an iron dragon
     2 | D:1      | Noticed a large abomination
     4 | D:1      | Noticed a large abomination
     4 | D:1      | Noticed an ice dragon
     6 | D:1      | Noticed an orb of fire
     7 | D:1      | Noticed a white draconian
     8 | D:1      | Noticed a purple draconian
     9 | D:1      | Noticed an orb of fire
    11 | D:1      | Noticed a shadow dragon
    11 | D:1      | Noticed an orb of fire
    13 | D:1      | Noticed an ice dragon
    13 | D:1      | Noticed a large abomination
    15 | D:1      | Noticed an orb of fire
    15 | D:1      | Noticed a white draconian
    15 | D:1      | Noticed an iron dragon
    17 | D:1      | Noticed a tentacled monstrosity
    17 | D:1      | Noticed an orb of fire
    17 | D:1      | Noticed an orb of fire
    19 | D:1      | Noticed a yellow draconian
    79 | D:1      | Noticed a floating eye
    83 | D:1      | Found a faded altar of an unknown god.
    85 | D:1      | Noticed an eye of devastation
    85 | D:1      | Noticed an eye of devastation
    85 | D:1      | Noticed a shining eye
   148 | D:1      | Reached skill level 3 in Ranged Weapons
   299 | D:1      | Reached XP level 2. HP: 23/23 MP: 2/2
   361 | D:1      | 361 ||| Stepping ~*~*~tactically~*~*~ (outnumbered).
   364 | D:1      | 364 ||| Stepping ~*~*~tactically~*~*~ (outnumbered).
   515 | D:1      | 515 ||| FLEEEEING.
   516 | D:1      | 516 ||| FLEEEEING.
   517 | D:1      | 517 ||| FLEEEEING.
   519 | D:1      | 519 ||| FLEEEEING.
   521 | D:1      | 521 ||| FLEEEEING.
   522 | D:1      | 522 ||| FLEEEEING.
   538 | D:1      | Reached XP level 3. HP: 25/29 MP: 3/3
   845 | D:1      | 845 ||| UPGRADING to +0 leather armour.
   855 | D:1      | 855 ||| DROPPING +0 robe.
   856 | D:1      | 856 ||| UPGRADING to +0 ring mail.
   866 | D:1      | 866 ||| DROPPING +0 leather armour.
   867 | D:1      | 867 ||| UPGRADING to +0 cloak.
   872 | D:1      | 872 ||| DROPPING scroll of poison.
   929 | D:2      | Found a sacrificial altar of Ru.
  1207 | D:2      | Reached skill level 4 in Ranged Weapons
  1228 | D:2      | Reached skill level 1 in Armour
  1570 | D:2      | Reached XP level 4. HP: 36/36 MP: 4/4
  1901 | D:2      | 1901 ||| UPGRADING to +5 ring of evasion.
  1902 | D:2      | 1902 ||| READING scroll labelled QEEHOILLUA.
  1903 | D:2      | 1903 ||| DRINKING 3 ruby potions.
  2008 | D:2      | 2008 ||| DROPPING 2 potions of berserk rage.
  2049 | D:3      | 2049 ||| PLANNING SEWER
  2074 | D:3      | Reached skill level 5 in Ranged Weapons
  2192 | D:3      | Found a glowing drain.
  2227 | Sewer    | Entered a sewer
  2252 | Sewer    | 2252 ||| Stepping ~*~*~tactically~*~*~ (water).
  2255 | Sewer    | 2255 ||| Stepping ~*~*~tactically~*~*~ (water).
  2281 | Sewer    | Reached XP level 5. HP: 44/44 MP: 5/5
  2334 | Sewer    | Reached skill level 3 in Fighting
  2353 | Sewer    | 2353 ||| Stepping ~*~*~tactically~*~*~ (water).
  2425 | Sewer    | Reached skill level 6 in Ranged Weapons
  2425 | Sewer    | Reached XP level 6. HP: 27/51 MP: 6/6
  2440 | Sewer    | HP: 11/51 [kobold brigand/+0 club (4)]
  2599 | Sewer    | 2599 ||| Stepping ~*~*~tactically~*~*~ (water).
  2613 | Sewer    | Reached skill level 7 in Ranged Weapons
  2760 | Sewer    | 2760 ||| Stepping ~*~*~tactically~*~*~ (water).
  2786 | Sewer    | 2786 ||| Stepping ~*~*~tactically~*~*~ (water).
  2831 | Sewer    | HP: 13/52 [kobold brigand/+0 dagger (4)]
  2832 | Sewer    | HP: 3/52 [kobold brigand/+0 dagger (6)]
  2833 | Sewer    | Slain by a kobold brigand

Levels and vault maps discovered:
D:1:      shiori_arrival_whats_in_store_for_you, layout_loops_ring,
          hellmonk_ecumenical_altar_watching_god, nrook_loot_triangle,
          lexackson_kobold_supper
D:2:      minmay_roachtagon, layout_loops_corners, basic_altar
D:3:      layout_basic, ebering_ghost_sewer_d, cheibrodos_sewer_entry_sluice,
          reono_crystal_passage
Sewer:    sewer_co_tree

Skill      XL: |  1  2  3  4  5  6 |
---------------+-------------------+-----
Ranged Weapons | 3 4 5 6 7 |  7.0
Fighting       | 2 3 4 |  4.1
Armour         | 1 |  1.0
Dodging        | |  2.1
Spellcasting   | |  1.0
Hexes          | |  2.0

Action                     |  1- 3 |  4- 6 || total
---------------------------+-------+-------++-------
   Fire: Sling             |   135 |   150 ||   285
    Use: Scroll            |       |     1 ||     1
         Potion            |       |     1 ||     1
 Armour: Robe              |     4 |       ||     4
         Ring mail         |    24 |    17 ||    41
  Dodge: Dodged            |    41 |    74 ||   115

Table legend:
 A = Non-vault XP
 B = Vault XP
 C = Vault XP percentage of total XP
 D = Non-vault monster count
 E = Vault monster count
 F = Vault count percentage of total count
                 A         B        C        D         E       F
            +---------+---------+-------+---------+---------+-------
      Total |     155 |     503 |  76.4 |      42 |      35 |  45.5
            +---------+---------+-------+---------+---------+-------
        D:1 |      47 |      10 |  17.5 |      26 |       8 |  23.5
        D:2 |      34 |      20 |  37.0 |      10 |      10 |  50.0
        D:3 |      74 |       7 |   8.6 |       6 |       2 |  25.0
      Sewer |       0 |     466 | 100.0 |       0 |      15 | 100.0
            +---------+---------+-------+---------+---------+-------
